 Dungeon Crawl Stone Soup version 0.27-a0-1006-g1fd4cec11e (webtiles) character file.

Game seed: 373506573676157106

30 spiderkeys the Skirmisher (level 3, -5/29 HPs)
             Began as a Demonspawn Abyssal Knight on Apr 17, 2021.
             Was a Follower of Lugonu.
             Slain by an ogre
             ... wielding a +0 giant club
              (17 damage)
             ... on level 2 of the Dungeon.
             The game lasted 00:03:43 (1331 turns).

spiderkeys the Skirmisher (DsAK)                    Turns: 1331, Time: 00:03:44

Health: -5/29      AC:  9    Str: 13    XL:     3   Next: 5%
Magic:  5/5        EV:  6    Int: 13    God:    Lugonu [*.....]
Gold:   29         SH:  0    Dex: 12    Spells: 2/2 levels left

rFire    . . .     SeeInvis .   h - +0 glaive
rCold    . . .     Faith    .   (shield currently unavailable)
rNeg     . . .     Spirit   .   f - +0 chain mail
rPois    .         Reflect  .   c - +0 helmet
rElec    .         Harm     .   (no cloak)
rCorr    .         Rampage  .   (no gloves)
Will     .....                  (no boots)
Stlth    ..........             (no amulet)
HPRegen  0.09/turn              (no ring)
MPRegen  0.09/turn              (no ring)

@: no status effects
A: talons 1
a: Renounce Religion, Depart the Abyss


You were on level 2 of the Dungeon.
You worshipped Lugonu.
Lugonu was aware of your devotion.
You visited 1 branch of the dungeon, and saw 2 of its levels.
You visited the Abyss 1 time.

You collected 122 gold pieces.
You spent 93 gold pieces at shops.


Innate Abilities, Weirdness & Mutations

You have sharp toenails.


   Skills:
 + Level 3.3 Fighting
 + Level 2.1 Polearms
 + Level 2.1 Armour
 - Level 1.1 Dodging
 + Level 3.0 Invocations


You had 2 spell levels left.
You didn't know any spells.
Your spell library was empty.

Inventory:

Hand Weapons
 a - a +1 spear
 h - a +0 glaive (weapon)
   (You found it on level 2 of the Abyss)
Missiles
 j - 23 sling bullets
 l - 87 stones
 m - 14 bolts
Armour
 b - a +0 leather armour
 c - a +0 helmet (worn)
   (You found it on level 2 of the Abyss)
 f - a +0 chain mail (worn)
   (You found it on level 2 of the Abyss)
Wands
 g - a wand of flame (29)
   (You found it on level 2 of the Abyss)
Potions
 d - a potion of haste {@q3}
 i - a potion of brilliance {unknown}
 n - a potion of curing {@q1}
Miscellaneous
 e - a phantom mirror (inert)
   (You found it on level 2 of the Abyss)

Dungeon Overview and Level Annotations

Branches:
Dungeon (2/15)

Altars:

Shops:
D:1 !(!([

Annotations:
D:2 Sigmund

### #<#
#.#####.#
#.....@.#
#######O#
#.......#
#.#######
#.# #.###
#...#
###.# #.#


You could see an ogre.


Message History

a +1 short sword of protection; a kobold corpse 😎 HP[+1]
Your hp is fully restored (24).
A ball python comes into view.
A ball python is nearby!
A kobold comes into view. It is wielding a +0 club.
The ball python hisses angrily.
You slash the ball python!
You kill the ball python!
Lugonu accepts your kill. The kobold hits you but does no damage.
You have reached level 3!
Your experience leads to an increase in your attributes!
Increase (S)trength, (I)ntelligence, or (D)exterity?
You feel stronger. 😎 HP[+5] MP[+1]
You now have 29 max hp (+5).
Your hp is fully restored (29).
Your mp is fully restored (5).
You slash the kobold!
You kill the kobold!
Lugonu accepts your kill.
No target in view!
No target in view!
l - 87 stones (gained 3)
Things that are here:
a +0 club; a ball python corpse You now have 13 gold pieces (gained 7).
You open the door.
Found Ysoq Zoy's Antique Weapon Boutique.
There is an open door here.
There is an entrance to Ysoq Zoy's Antique Weapon Boutique here.
You can access your shopping list by pressing '$'.
As you open the door, it creaks loudly!
There is an open door here.
You open the door.
There is an open door here.
There is an open door here.
Done exploring.
Done exploring.
No monsters, items or features are visible.
Unknown command.
Search for what [? for help]? .
Search for what [Enter for "."]? polearm You see here a +0 dagger.
There is a stone staircase leading down here.
You climb downwards.
Found a stone staircase leading up.
There is a stone staircase leading up here.
You now have 22 gold pieces (gained 9).
You now have 29 gold pieces (gained 7).
An endoplasm comes into view.
The endoplasm quivers.
The endoplasm jiggles.
You reach to attack!
You slash the endoplasm!
You kill the endoplasm!
Lugonu accepts your kill.
No target in view!
No target in view!
Sigmund the Dreaded comes into view.
He is wielding a +0 scythe.
Sigmund shouts!
You hear a shout!
An ogre comes into view. It is wielding a +0 giant club.
Sigmund points at you and mumbles some strange words.
The magic dart hits you. 😕 HP[-4]
You take 4 damage, and now have 25/29 hp.
Sigmund closely misses you.
Aiming: Phantom Mirror
Press: ? - help, Dir - move target, f - ogre
Aim: an ogre, wielding a +0 giant club You reflect the ogre with the mirror!
The mirror clouds!
Sigmund barely misses your ogre.
Your ogre hits the ogre with a +0 giant club!!
The ogre hits you with a +0 giant club!!
Ouch! That really hurt!
* * * LOW HITPOINT WARNING * * *
😱 HP[-20]
You take 20 damage, and now have 5/29 hp.
MASSIVE DAMAGE!! (PAUSE) Sigmund hits your ogre with a +0 scythe!
Your ogre closely misses the ogre. 😱 HP[+1] Sigmund gestures at you while chanting.
Your ogre resists with some effort.
Sigmund completely misses your ogre.
Your ogre hits Sigmund with a +0 giant club! 😱 HP[+1]
There is a stone staircase leading up here.
You feel much better. 😎 HP[+22]
Your hp is fully restored (29).
You barely miss the ogre. The ogre closely misses you.
The ogre hits you with a +0 giant club!
Ouch! That really hurt!
* * * LOW HITPOINT WARNING * * *
😨 HP[-17]
You take 17 damage, and now have 12/29 hp.
MASSIVE DAMAGE!! (PAUSE)
Okay, then.
You slash the ogre! The ogre hits you with a +0 giant club!
Ouch! That really hurt!
You die...

Skill      XL: |  1  2 |
---------------+-------+-----
Dodging        | 1 |  1.1
Armour         | 2 |  2.1
Polearms       | 2 |  2.1
Invocations    | 3 |  3.0
Fighting       | |  3.3

Action                   || total
-------------------------++-------
Melee: Glaive            ||    72
       Kick              ||     4
Invok: Depart the Abyss  ||     1
Evoke: Phantom mirror    ||     1
  Use: Scroll            ||     1
       Potion            ||     1
Armor: Chain mail        ||    55
Dodge: Dodged            ||    26

Levels and vault maps discovered:
D:1:      dpeg_arrival_renting, layout_basic, basic_ecumenical_altar,
          serial_shops, nicolae_shop_trees, shop, shop, shop,
          nicolae_shop_behind_doors
D:2:      layout_basic, hangedman_abyss_or_decor_stabs, uniq_sigmund,
          uniq_natasha

Notes
Turn   | Place    | Note
-------+----------+-------------------------------------------
     0 | Abyss:1  | spiderkeys the Demonspawn Abyssal Knight began the quest
                  | for the Orb.
     0 | Abyss:1  | Reached XP level 1. HP: 18/18 MP: 2/2
     0 | Abyss:1  | magus.rc [v1.9.10]
   111 | Abyss:2  | Noticed a raiju
   111 | Abyss:2  | Noticed a raiju
   112 | Abyss:2  | Noticed a raiju
   115 | Abyss:3  | Found a radiant altar of Vehumet.
   115 | Abyss:3  | Found a basalt altar of Yredelemnul.
   130 | Abyss:3  | Noticed a spatial vortex
   146 | Abyss:3  | Noticed a raiju
   176 | Abyss:4  | Noticed a thrashing horror
   176 | Abyss:4  | Noticed a thrashing horror
   176 | Abyss:4  | Noticed a thrashing horror
   177 | Abyss:4  | Noticed a thrashing horror
   179 | D:1      | You pass through the gate.
   179 | D:1      | Escaped the Abyss
   305 | D:1      | Found Rodurus's Armour Shoppe.
   316 | D:1      | Found Nurem's Antique Weapon Shop.
   321 | D:1      | Found a faded altar of an unknown god.
   346 | D:1      | Reached skill level 1 in Dodging
   550 | D:1      | Found Cirupeca's Distillery.
   555 | D:1      | Gained mutation: You have sharp toenails. [demonic
                  | ancestry]
   555 | D:1      | Reached XP level 2. HP: 24/24 MP: 4/4
   559 | D:1      | Reached * piety under Lugonu
   561 | D:1      | Bought a potion of heal wounds for 60 gold pieces
   573 | D:1      | Reached skill level 2 in Armour
   575 | D:1      | Reached skill level 2 in Polearms
   822 | D:1      | Found Vugus's Distillery.
   908 | D:1      | Bought a potion of curing for 33 gold pieces
   928 | D:1      | Reached skill level 3 in Invocations
  1075 | D:1      | Reached XP level 3. HP: 29/29 MP: 5/5
  1165 | D:1      | Found Ysoq Zoy's Antique Weapon Boutique.
  1309 | D:2      | Noticed Sigmund
  1310 | D:2      | Noticed an ogre
  1315 | D:2      | HP: 5/29 [ogre/+0 giant club (20)]
  1331 | D:2      | Slain by an ogre

Vanquished Creatures
  A dart slug (D:1)
  2 endoplasms
  2 goblins (D:1)
  4 hobgoblins (D:1)
  4 kobolds (D:1)
  A quokka (D:1)
  7 ball pythons (D:1)
  2 bats (D:1)
  A frilled lizard (D:1)
  4 rats (D:1)
28 creatures vanquished.

Table legend:
 A = Non-vault XP
 B = Vault XP
 C = Vault XP percentage of total XP
 D = Non-vault monster count
 E = Vault monster count
 F = Vault count percentage of total count
                 A         B        C        D         E       F
            +---------+---------+-------+---------+---------+-------
      Total |      44 |       0 |   0.0 |      28 |       0 |   0.0
            +---------+---------+-------+---------+---------+-------
        D:1 |      42 |       0 |   0.0 |      27 |       0 |   0.0
        D:2 |       2 |       0 |   0.0 |       1 |       0 |   0.0
            +---------+---------+-------+---------+---------+-------

Illustrated notes

Table legend:
 A = Kills in this place as a percentage of kills in entire the game.
 B = Kills by you in this place as a percentage of kills by you in the entire game.
 C = Kills by friends in this place as a percentage of kills by friends in the entire game.
 D = Other kills in this place as a percentage of other kills in the entire game.
 E = Experience gained in this place as a percentage of experience gained in the entire game.
 F = Experience gained in this place divided by the number of levels of this place that you have seen.
                   A       B       C       D       E      F
               +-------+-------+-------+-------+-------+----------------------
         Total | 100.0 | 100.0 |   N/A |   N/A | 100.0 |   7.3
       Dungeon | 100.0 | 100.0 |   N/A |   N/A | 100.0 |  22.0
               +-------+-------+-------+-------+-------+----------------------

Table legend: (Time is in decaauts)
 A = Elapsed time spent in this place.
 B = Non-inter-level travel time spent in this place.
 C = Inter-level travel time spent in this place.
 D = Time resting spent in this place.
 E = Time spent auto-exploring this place.
 F = Levels seen in this place.
 G = Mean time per level.
                   A        B        C        D        E       F      G
               +--------+--------+--------+--------+--------+-----+--------+
         Total |   1371 |   1334 |     37 |      0 |    962 |   6 |  228.5 |
       Dungeon |   1193 |   1156 |     37 |      0 |    936 |   2 |  596.5 |
         Abyss |    178 |    178 |      0 |      0 |     26 |   4 |   44.5 |
               +--------+--------+--------+--------+--------+-----+--------+

Top non-repeatable levels by time:
     D:1: 1152 daAuts
 Abyss:2: 70 daAuts
 Abyss:1: 44 daAuts
     D:2: 41 daAuts
 Abyss:4: 31 daAuts
 Abyss:3: 31 daAuts
